 Dungeon Crawl Stone Soup version 0.29.1-15-g9cfb28693d (webtiles) character file.

Game seed: 60481787493997486

66 Gumption the Chopper (level 3, 0/49 HPs)
             Began as a Minotaur Berserker on Mar 20, 2023.
             Was a Believer of Trog.
             Slain by an orc priest
             ... wielding a +2 dagger of pain
              (4 damage)
             ... on level 2 of the Dungeon.
             The game lasted 00:09:44 (1658 turns).

Gumption the Chopper (Minotaur Berserker)           Turns: 1658, Time: 00:09:44

Health: 0/49       AC:  3    Str: 23    XL:     3   Next: 96%
Magic:  2/2        EV: 12    Int:  4    God:    Trog [**....]
Gold:   32         SH:  0    Dex:  9    Spells: 2/2 levels left

rFire   . . .      SeeInvis +   a - +0 hand axe
rCold   . . .      Faith    .   (no shield)
rNeg    . . .      Spirit   .   b - +0 animal skin
rPois   .          Reflect  .   (helmet restricted)
rElec   .          Harm     .   (no cloak)
rCorr   .          Rampage  .   g - +0 pair of gloves
Will    ++...                   (no boots)
Stlth   ..........              (no amulet)
HPRegen 1.16/turn               c - ring of see invisible
MPRegen 0.08/turn               (no ring)

@: berserking (expiring), strong-willed (expiring), regenerating (expiring),
very quick
A: horns 2, retaliatory headbutt
a: Renounce Religion, Berserk, Trog's Hand


You were on level 2 of the Dungeon.
You worshipped Trog.
Trog was pleased with you.
You visited 1 branch of the dungeon, and saw 2 of its levels.

You collected 32 gold pieces.

Inventory:

Hand Weapons
 a - a +0 hand axe (weapon)
Armour
 b - a +0 animal skin (worn)
 g - a +0 pair of gloves (worn)
Jewellery
 c - a ring of see invisible (left hand)
Scrolls
 f - a scroll of noise {unknown}
Potions
 d - a potion of magic {unknown}
 e - 2 potions of curing {unknown}


   Skills:
 + Level 4.3 Fighting
 * Level 4.9 Axes
 + Level 3.3 Armour
 - Level 2.1 Dodging


You had 2 spell levels left.
You didn't know any spells.
Your spell library was empty.

Dungeon Overview and Level Annotations

Branches:
Dungeon (2/15)

Altars:

Shops:
D:1 (   D:2 =


Innate Abilities, Weirdness & Mutations

You have a pair of horns on your head.
You reflexively headbutt those who attack you in melee.


Message History

The orc hits you with a +0 hand axe. The orc misses you.
You completely miss the orc.
The orc is moderately wounded.
The orc barely misses you.
The orc priest invokes the aid of Beogh against you.
Beogh smites you!
* * * LOW HITPOINT WARNING * * *
Your skin crawls.
You feel strong-willed. The orc hits you but does no damage.
You hit the orc but do no damage.
The orc is moderately wounded.
The orc priest calls upon Beogh to heal the orc.
The orc's wounds heal themselves!
The orc hits you with a +0 hand axe.
* * * LOW HITPOINT WARNING * * *
You hit the orc.
The orc is severely wounded.
The orc closely misses you.
You slash the orc!
You kill the orc!
Trog accepts your kill.
The orc priest invokes the aid of Beogh against you.
You resist with almost no effort.
A red film seems to cover your vision as you go berserk!
You feel yourself moving faster!
You feel mighty!
The orc priest hits you but does no damage.
You writhe in agony.
* * * LOW HITPOINT WARNING * * *
You hit the orc priest but do no damage.
You closely miss the orc priest. The orc priest barely misses you.
The orc priest begins to cast a cantrip, but forgets the words!
You barely miss the orc priest.
The orc priest mumbles some strange prayers to Beogh against you.
Beogh smites you!
* * * LOW HITPOINT WARNING * * *
The orc priest barely misses you.
You closely miss the orc priest.
You feel the effects of Trog's Hand fading.
The orc priest hits you with a +2 dagger of pain.
You die...

.# ##########.. .#
#.............#### .###
#<................ ...##
####.######...^... ....##
#..# ....... .....# #.##
....... .....#####.##
.......
.....#......######o......
..†.............@ooo.....
.....#......#######......
.....#......# .....
.....#....<.### ....
....##........# ...
............#..##. ..
#####.......##).... .
#<##...## #.....
#......###...#..


You could see 3 orc priests and an orc wizard (invisible).

Vanquished Creatures
  2 adders (D:2)
  3 dart slugs
  An orc (D:2)
  A ball python (D:1)
  3 bats
  2 endoplasms (D:1)
  2 giant cockroaches (D:1)
  2 goblins
  5 hobgoblins (D:1)
  2 jackals (D:1)
  5 quokkas (D:1)
  4 kobolds
  3 rats
35 creatures vanquished.

Notes
Turn   | Place    | Note
-------+----------+-------------------------------------------
     0 | D:1      | Gumption the Minotaur Berserker began the quest for the
                  | Orb.
     0 | D:1      | Reached XP level 1. HP: 19/19 MP: 0/0
   248 | D:1      | Reached XP level 2. HP: 27/27 MP: 1/1
   548 | D:1      | Found Qerrad's Weapon Emporium.
   709 | D:1      | Reached XP level 3. HP: 28/33 MP: 2/2
   959 | D:1      | Found a faded altar of an unknown god.
   961 | D:1      | Noticed a shining eye
   961 | D:1      | Noticed a golden eye
   967 | D:1      | Noticed a golden eye
  1465 | D:2      | Found Cexemas's Jewellery Shop.
  1494 | D:2      | Reached ** piety under Trog
  1658 | D:2      | Slain by an orc priest

Illustrated notes

Levels and vault maps discovered:
D:1:      amcnicky_arrival_abandoned_market, layout_loops_corners,
          hellmonk_ecumenical_altar_watching_god, serial_shops, shop_statue,
          hangedman_decor_peaks_small
D:2:      layout_rooms, serial_shops, shop, roderic_lattice_a

Skill      XL: |  1  2 |
---------------+-------+-----
Axes           | 4 |  4.9
Fighting       | 4 |  4.3
Armour         | 3 |  3.3
Dodging        | |  2.1

Action                   || total
-------------------------++-------
Melee: Hand axe          ||    85
       Headbutt          ||    12
Invok: Berserk           ||     1
       Trog's Hand       ||     1
 Stab: Sleeping          ||     1
Armor: Animal skin       ||    15
Dodge: Dodged            ||    57
